Map: [ESL] Royal Blood

Players

gumiho - Winner!

  • Race: Terran Terran
  • Spawn Location: 1:00

RiSky

  • Race: Zerg Zerg
  • League: Master
  • Spawn Location: 7:00

Event: HomeStory Cup XXIII

VOD

Have the link to the VOD?

Description

Time

  • Played on: July 1, 2023, 6:32 a.m.
  • Length: 7:43

All games in this series

Show
View Real Time Build Order
Export as new Build Order

gumiho Terran - Winner!

Build Orders:  

Get SALT Encoding   

  12  0:00  SCV  
  13  0:12  SCV  
  14  0:17  Supply Depot  
  14  0:24  SCV  
  15  0:39  SCV  
  15  0:41  Barracks  
  16  0:43  Refinery  
  16  0:51  SCV  
  17  0:59  Barracks  
  17  1:03  SCV  
  18  1:15  SCV  
  19  1:27  Reaper  
  19  1:28  Orbital Command  
  20  1:34  Supply Depot  
  20  1:45  Reaper  
  21  1:53  SCV  
  22  2:02  Reaper  
  22  2:05  SCV  
  24  2:10  Command Center  
  24  2:18  SCV, Refinery  
  24  2:21  Barracks Reactor  
  25  2:31  SCV  
  25  2:35  Barracks Tech Lab  
  26  2:40  Barracks  
  26  2:43  SCV  
  27  2:52  Supply Depot  
  27  2:54  Marine  
  27  2:55  SCV  
  27  2:58  Stimpack, Marine x2  
  31  3:14  SCV  
  31  3:16  Factory  
  31  3:19  Marine x3  
  34  3:26  Orbital Command  
  35  3:30  Barracks Reactor  
  35  3:39  SCV  
  36  3:41  Marine x2  
  36  3:42  Marine  
  39  3:51  SCV  
  39  3:52  SCV  
  41  4:00  Starport  
  41  4:01  Factory Reactor  
  41  4:02  Marine x3  
  44  4:04  SCV  
  44  4:05  SCV  
  44  4:08  Supply Depot  
  46  4:16  SCV  
  46  4:17  SCV  
  48  4:18  Supply Depot  
  48  4:21  Marine x4  
  48  4:23  Marine  
  53  4:28  SCV  
  53  4:29  SCV  
  55  4:41  Marine x4  
  55  4:42  Marine  
  55  4:43  SCV x2  
  62  4:46  Combat Shield  
  62  4:51  Factory Tech Lab, Supply Depot  
  62  4:52  Supply Depot  
  62  4:54  Medivac  
  62  4:55  Medivac  
  62  4:58  SCV  
  62  4:59  SCV  
  68  5:01  Marine x2  
  70  5:09  Supply Depot  
  70  5:12  Marine x3  
  73  5:21  Marine x2  
  73  5:26  Medivac  
  71  5:28  SCV x2  
  71  5:30  Marine x3  
  75  5:39  Marine, Refinery  
  75  5:40  SCV, Siege Tank  
  75  5:41  SCV  
  80  5:44  Marine  
  80  5:48  Marine  
  80  5:51  Marine x2  
  80  5:56  SCV x2  
  84  5:58  Marine  
  84  6:02  Marine  
  86  6:06  Marine, Command Center  
  86  6:08  Supply Depot  
  86  6:09  Marine x2  
  89  6:12  Siege Tank  
  79  6:27  Marine x4  
  79  6:28  Marine  
  73  6:45  Marine x5, Siege Tank  
  78  6:52  Liberator x2  
  74  7:02  Marine x2  
  74  7:03  Marine x2  
  79  7:08  SCV x2  
  79  7:12  Engineering Bay  
  79  7:14  Engineering Bay, Barracks Reactor, Refinery  
  80  7:20  Marine x2, SCV x2  
  80  7:21  Marine x2  
  86  7:30  Supply Depot  
  86  7:31  Supply Depot  
Show
View Real Time Build Order
Export as new Build Order

RiSky Zerg 

Build Orders: Hatch First 

Get SALT Encoding   

  12  0:00  Drone  
  13  0:12  Overlord  
  13  0:16  Drone  
  14  0:30  Drone x2  
  16  0:46  Hatchery  
  15  0:50  Drone  
  15  0:54  Drone  
  17  0:57  Drone  
  18  1:07  Extractor  
  17  1:13  Spawning Pool  
  17  1:15  Drone  
  17  1:18  Drone  
  18  1:27  Drone  
  19  1:39  Drone  
  20  1:49  Overlord  
  20  2:00  Queen x2, Zergling x2  
  20  2:01  Zergling x2  
  26  2:08  Drone  
  26  2:11  Drone  
  28  2:20  Drone  
  29  2:27  Hatchery  
  28  2:32  Drone x2  
  28  2:35  Drone  
  31  2:42  Overlord  
  31  2:45  Metabolic Boost  
  31  2:49  Zergling x2  
  32  2:53  Queen  
  32  2:56  Zergling x2  
  35  3:00  Zergling x2  
  36  3:10  Overlord  
  36  3:11  Drone  
  37  3:14  Drone  
  37  3:17  Overlord  
  37  3:19  Drone x3  
  41  3:26  Drone  
  42  3:28  Drone  
  43  3:36  Drone  
  43  3:39  Drone  
  43  3:41  Drone  
  43  3:44  Drone x3, Queen x2  
  51  3:49  Drone x2  
  51  3:50  Drone  
  54  3:59  Overlord  
  55  4:02  Drone  
  55  4:03  Drone  
  56  4:11  Drone  
  56  4:12  Drone  
  56  4:13  Overlord  
  58  4:18  Drone  
  58  4:19  Hatchery  
  58  4:20  Drone x2  
  58  4:22  Lair  
  60  4:28  Baneling Nest  
  60  4:30  Extractor, Drone x4  
  62  4:31  Drone  
  62  4:33  Drone  
  63  4:40  Zergling x2  
  63  4:41  Zergling x2  
  63  4:42  Drone  
  63  4:45  Queen  
  68  4:48  Zergling x4  
  68  4:50  Queen  
  68  4:52  Zergling x2  
  73  4:54  Overlord x2  
  73  5:00  Overlord  
  73  5:06  Overlord x2  
  73  5:13  Baneling x2  
  72  5:17  Zergling x12  
  74  5:21  Zergling x10  
  72  5:31  Zergling x6  
  72  5:33  Hatchery  
  71  5:38  Zergling x2  
  71  5:39  Zergling x8  
  77  5:46  Hatchery  
  77  5:47  Centrifugal Hooks  
  76  5:52  Zergling x4  
  78  5:57  Baneling x6  
  78  6:00  Zergling x4  
  78  6:03  Zergling x2  
  81  6:06  Zergling x6  
  81  6:08  Zergling x2  
  85  6:12  Zergling x2  
  85  6:13  Zergling x2  
  85  6:16  Zergling x4  
  89  6:23  Zergling x10  
  83  6:31  Zergling x4  
  80  6:36  Zergling x6  
  73  6:40  Queen  
  73  6:42  Zergling x4  
  73  6:43  Zergling x2  
  73  6:50  Zergling x6  
  65  6:54  Zergling x2  
  65  6:55  Zergling x4  
  65  6:58  Zergling x2  
  65  6:59  Zergling x2  
  63  7:04  Queen  
  63  7:07  Zergling x2  
  63  7:08  Zergling x2  
  65  7:10  Zergling x4  
  65  7:14  Zergling x8  
  71  7:21  Zergling x4  
  71  7:22  Zergling x2  
Tags
 
Add a new tag
Caveats
  • Supply blocks, unpowered buildings, or Contaminate may cause inaccurate times.
  • Supply counts are checked every 10 seconds.